 Dungeon Crawl Stone Soup version 0.31-a0-1159-g800acc2fd1 (webtiles) character file.

Game seed: 2997817197364067405

104622 GreatBamboolord the Spry (level 15, -20/100 HPs)
             Began as a Deep Elf Earth Elementalist on Dec 8, 2023.
             Was a High Priest of Ashenzari.
             Killed from afar by a salamander tyrant (53 damage)
             ... with a flame surge
             ... on level 4 of the Snake Pit.
             The game lasted 01:24:18 (31212 turns).

GreatBamboolord the Spry (DEEE)                    Turns: 31212, Time: 01:24:18

Health: -20/100    AC: 11    Str:  5    XL:     15   Next: 92%
Magic:  37/37      EV: 26    Int: 31    God:    Ashenzari [*****.]
Gold:   289        SH: 15    Dex: 21    Spells: 8/47 levels left

rFire   . . .        J - +3 rapier of Thoughtfulness {speed, *Rage rElec Will++}
rCold   . . .        o - +3 warlock's mirror {omnireflect, Bglg, Dev} (curse)
rNeg    . . .        O - +3 robe of Clouds {*Thunder rCloud rElec, Self, Comp} (curse)
rPois   +            M - +2 helmet of Ashenzari's Seer {Int+3, Cun, Bglg} (curse)
rElec   +            (no cloak)
rCorr   .            l - +1 pair of gloves of the Bound God {Self, Fort} (curse)
SInv    +            w - +0 pair of boots "Share My Sybil" {Comp, Alch} (curse)
Will    +++..        c - amulet of Ashenzari's Mistrust {Reflect SH+5, Self, Dev} (curse)
Stlth   ++++++       I - ring "Lashed Portent" {rPois, Elem, Comp} (curse)
HPRegen 0.36/turn    t - ring "Esoteric Soothsayer" {Dex+6, Cun, Self} (curse)
MPRegen 0.25/turn

%: reflection, clarity
@: no status effects
A: no striking features
a: Renounce Religion, Curse Item, Shatter the Chains


You were on level 4 of the Snake Pit.
You worshipped Ashenzari.
Ashenzari was extremely pleased with you.
You visited 4 branches of the dungeon, and saw 23 of its levels.
You also visited: Ice Cave.

You collected 3498 gold pieces.
You spent 3209 gold pieces at shops.

Inventory:

Hand Weapons
 J - the +3 rapier of Thoughtfulness (weapon) {speed, *Rage rElec Will++}
   (You found it in an ice cave)

   rElec:     It insulates you from electricity.
   Will++:    It greatly increases your willpower.
   *Rage:     It berserks you when you make melee attacks (+20% chance).
Missiles
 p - 6 atropa-tipped darts
 E - 6 throwing nets
Armour
 l - the cursed +1 pair of gloves of the Bound God (worn) {Self, Fort}
   (You found it on level 2 of the Dungeon)

   It has a curse which improves the following skills: Introspection: Fighting
   and Spellcasting.
   Fortitude: Armour and Shields.
 o - the cursed +3 warlock's mirror (worn) {omnireflect, Bglg, Dev}
   (You acquired it on level 9 of the Dungeon)

   Omnireflect: It can block and reflect piercing ranged attacks and magical
   attacks against the wielder's willpower.
   It has a curse which improves the following skills: Beguiling: Conjurations,
   Hexes and Translocations.
   Devices:   Evocations and Shapeshifting.
 w - the cursed +0 pair of boots "Share My Sybil" (worn) {Comp, Alch}
   (You found it on level 3 of the Dungeon)

   It has a curse which improves the following skills: Companions: Summonings
   and Necromancy.
   Alchemy:   Poison Magic and Transmutations.
 M - the cursed +2 helmet of Ashenzari's Seer (worn) {Int+3, Cun, Bglg}
   (You bought it in a shop on level 9 of the Dungeon)

   It has a curse which improves the following skills: Cunning: Dodging and
   Stealth.
   Beguiling: Conjurations, Hexes and Translocations.
 O - the cursed +3 robe of Clouds (worn) {*Thunder rCloud rElec, Self, Comp}
   (You bought it in a shop on level 9 of the Dungeon)

   *Thunder:  It occasionally creates storm clouds above nearby enemies.
   rCloud:    It grants its wearer immunity to clouds.
   rElec:     It insulates you from electricity.
   It has a curse which improves the following skills: Introspection: Fighting
   and Spellcasting.
   Companions: Summonings and Necromancy.
 R - the +3 salamander hide armour {Flames, rFlCloud rF++ rC--}
   (You found it on level 5 of the Lair of Beasts)

   Flames:    It surrounds you with flame clouds and enhances your fire magic.
   rFlCloud:  It grants immunity to flame clouds.
   rF++:      It greatly protects you from fire.
   rC--:      It makes you very vulnerable to cold.
 S - a +1 pair of gloves of dexterity
 T - a +0 pair of boots
Magical Staves
 g - a staff of fire
 x - a staff of cold
 C - the staff of a volcano {rElec Earth}
   (You found it in an ice cave)

   [staff of earth]

   Base accuracy: +5 Base damage: 5 Base attack delay: 1.2 This weapon's minimum
   attack delay (0.6) is reached at skill level 12.
   rElec:     It insulates you from electricity.
   Earth:     It increases the power of your Earth spells.
   It falls into the 'Staves' category.
   It is a one-handed weapon.
Jewellery
 b - the ring "Zufargh" {EV+5 Str+4}
   (You bought it in a shop on level 2 of the Orcish Mines)

   [ring of evasion]

   EV+5:      It affects your evasion (+5).
   Str+4:     It affects your strength (+4).
 c - the cursed amulet of Ashenzari's Mistrust (around neck) {Reflect SH+5, Self, Dev}
   (You took it off a kobold brigand on level 8 of the Dungeon)

   [amulet of reflection]

   Reflect:   It reflects blocked missile attacks.
   SH+5:      It affects your SH (+5).
   It has a curse which improves the following skills: Introspection: Fighting
   and Spellcasting.
   Devices:   Evocations and Shapeshifting.
 t - the cursed ring "Esoteric Soothsayer" (right hand) {Dex+6, Cun, Self}
   (You found it on level 4 of the Lair of Beasts)

   [ring of dexterity]

   Dex+6:     It affects your dexterity (+6).
   It has a curse which improves the following skills: Cunning: Dodging and
   Stealth.
   Introspection: Fighting and Spellcasting.
 z - a ring of protection from cold
 I - the cursed ring "Lashed Portent" (left hand) {rPois, Elem, Comp}
   (You found it on level 8 of the Dungeon)

   [ring of poison resistance]

   rPois:     It protects you from poison It has a curse which improves the
   following skills: Elements: Fire Magic, Ice Magic, Air Magic and Earth Magic.
   Companions: Summonings and Necromancy.
Wands
 d - a wand of iceblast (44)
 n - a wand of polymorph (6)
 A - a wand of flame (58)
 D - a wand of digging (10)
 L - a wand of charming (10)
 W - a wand of quicksilver (4)
Scrolls
 e - 6 scrolls of blinking
 i - 11 scrolls of teleportation
 k - 7 scrolls of vulnerability
 q - 5 scrolls of fog
 y - 5 scrolls of revelation
 F - 8 scrolls of fear
 G - 3 scrolls of poison
 H - 2 scrolls of noise
 K - 2 scrolls of immolation
 X - a scroll of amnesia
Potions
 a - a potion of resistance
 f - 18 potions of curing
 h - 7 potions of might
 j - 4 potions of attraction
 m - 3 potions of mutation
 r - a potion of magic
 s - a potion of ambrosia
 u - 7 potions of haste
 v - 4 potions of lignification
 B - a potion of brilliance
 N - a potion of invisibility
 P - 4 potions of heal wounds
 Q - 2 potions of enlightenment
 U - 2 potions of cancellation
Miscellaneous
 V - a condenser vane


   Skills:
 + Level 8.8(13.8) Fighting
 * Level 15.9(18.9) Dodging
 - Level 9.7(12.9) Stealth
 - Level 6.1(8.3) Shields
 - Level 11.6(16.6) Spellcasting
 * Level 14.5(17.6) Conjurations
 - Level 6.2(9.4) Hexes
 * Level 11.3(15.4) Summonings
 - Level 4.7(6.8) Transmutations
 - Level 10.1(12.2) Earth Magic
 + Level 1.8(4.1) Evocations


You had 8 spell levels left.
You knew the following spells:

 Your Spells              Type           Power      Damage    Failure   Level
a - Fulminant Prism       Conj/Hex       41%        3d19      1%          4
b - Passwall              Tmut/Erth      59%        N/A       1%          2
c - Stone Arrow           Conj/Erth      100%       3d13      0%          3
d - Brom's Barrelling Bo  Conj/Erth      87%        2d10      1%          4
e - Petrify               Tmut/Erth      71%        N/A       1%          4
f - Irradiate             Conj/Tmut      39%        3d24      1%          5
g - Summon Guardian Gole  Hex/Summ       80%        N/A       1%          3
h - Orb of Destruction    Conj           47%        9d12      1%          7
i - Spellforged Servitor  Conj/Summ      45%        N/A       2%          7

Your spell library contained the following spells:

 Spells                   Type           Power      Damage    Failure   Level
 Magic Dart               Conj           100%       1d8       0%          1
 Searing Ray              Conj           100%       2d8       0%          2
 Sandblast                Erth           100%       2d20      1%          1
 Slow                     Hex            100%       N/A       1%          1
 Sting                    Tmut/Pois      100%       1d8       1%          1
 Confusing Touch          Hex            71%        N/A       1%          3
 Sigil of Binding         Hex            71%        N/A       1%          3
 Ignite Poison            Fire/Tmut/Pois 40%        N/A       2%          3
 Cigotuvi's Dreadful Rot  Necr/Pois/Air  56%        N/A       3%          2
 Poisonous Vapours        Pois/Air       54%        N/A       3%          2
 Sublimation of Blood     Necr           29%        N/A       3%          2
 Gell's Gravitas          Tloc           28%        N/A       6%          3
 Teleport Other           Tloc           28%        N/A       6%          3
 Vampiric Draining        Necr           29%        2d8       6%          3
 Freezing Cloud           Conj/Ice/Air   29%        6-21      6%          5
 Ozocubu's Armour         Ice            27%        N/A       7%          3
 Olgreb's Toxic Radiance  Pois           27%        N/A       22%         4
 Dispersal                Tloc           14%        N/A       97%         6
 Ozocubu's Refrigeration  Ice            13%        4d10      100%        7


Dungeon Overview and Level Annotations

Branches:
Dungeon (12/15)            Temple (0/1) D:7            Lair (5/5) D:10
 Shoals (0/4) Lair:3        Snake (4/4) Lair:2        Slime (0/5) Lair:4
    Orc (2/2) D:9             Elf (0/3) Orc:2         IceCv (visited)

Altars:
Ashenzari
Cheibriados
Gozag
Kikubaaqudgha
Makhleb
Okawaru
Sif Muna
Wu Jian
Xom
Zin
The Shining One
Jiyva

Shops:
D:6 (   D:7 [[(?   D:8 [   D:9 [[**   Orc:2 **=*!   Snake:3 *

Annotations:
Lair:2 2 transporters, bezhaha's ghost, journeyman HuFE
Lair:3 3 runed translucent doors, Ycul's ghost, journeyman HOFi


Message History

There is a stone staircase leading down here.
You start resting.
Magic restored.
You start resting.
HP restored.
You climb downwards.
The salamander tyrant rends the earth beneath you!
The blast of magma engulfs you!!!
There is a stone staircase leading up, spattered with blood here.
The salamander tyrant rends the earth beneath you!
The blast of magma engulfs you!!
* * * LOW HITPOINT WARNING * * *
You climb upwards.
There is a stone staircase leading down here.
You start resting.
HP restored.
Casting: Stone Arrow (safe; 0% risk of failure)
Confirm with . or Enter, or press ? or * to list all spells.
You summon a servant imbued with your destructive magic!
You climb downwards.
Your summoned ally is left behind.
The salamander tyrant gazes fiercely through you!
You feel your attacks grow feeble.
There is a stone staircase leading up, spattered with blood here.
You climb upwards.
Your spellforged servitor disappears in a puff of smoke!
There is a stone staircase leading down here.
You start resting.
Magic restored.
Your attacks no longer feel as feeble.
You climb downwards.
The salamander tyrant rends the earth beneath you!
The blast of magma engulfs you!!!
Ouch! That really hurt!
The salamander tyrant calls gouts of flame from the lava!
The flame surge hits you!
There is a stone staircase leading up, spattered with blood here.
The salamander tyrant calls gouts of flame from the lava!
The flame surge hits you!!!
Ouch! That really hurt!
You die...

#..........)...#,,,,,*,,,,,,,
##.########)...#####***+*,,**
##.#.##...#.[.N#.##.,,,,*,,*,
#..#......#....#....,,,,*,,*,
#..#......#.N..#....,,,**,,*,
#..#......#...##....,,,,*,,,,
##.#....###...##....,,,,***,*
#..'..###.)..≈####..,**** *,,
#..####.....@≈#####+#********
#..........≈≈≈.......,,,,,,,,
#..............[.....,,,,,,,,
###........[..#...##.,,,,,,,,
#...####...#######***,,,,,,
########....###### *,,****
############### ****
###############


You could see 2 salamander tyrants.

Vanquished Creatures
  Saint Roka (Orc:2)
  A nagaraja (Snake:4)
  2 salamander tyrants (Snake:3)
  Erolcha (Orc:2)
  Harold (Lair:2)
  An ogre mage (Orc:2)
  7 anacondas
  2 catoblepae
  2 hydras
  5 two-headed ogres
  An ironbound frostheart (IceCv)
  A boulder beetle (Lair:1)
  14 death yaks
  2 orc high priests (Orc:2)
  A tengu warrior (D:11)
  A naga sharpshooter (Snake:2)
  A shock serpent (Snake:3)
  2 salamander mystics (Snake:4)
  A naga ritualist (Snake:3)
  4 orc knights
  3 mana vipers
  Pikel (D:5)
  An oklob plant (Lair:2)
  3 orc sorcerers (Orc:2)
  An ugly thing (D:9)
  7 salamanders
  Maurice (Orc:2)
  An ice statue (IceCv)
  A kobold blastminer (Orc:2)
  17 elephants
  3 naga magi
  16 black mambas
  A merfolk siren (Lair:3)
  An unseen horror (D:10)
  9 cane toads
  4 komodo dragons
  3 rime drakes
  22 polar bears
  Grinder (D:4)
  5 trolls
  3 hornets (Lair:5)
  3 dream sheep (Lair:5)
  15 blink frogs
  12 spriggans (Lair:5)
  4 wyverns
  47 yaks
  2 shadows
  A vampire (D:10)
  2 wraiths
  3 basilisks
  2 steam dragons
  4 wargs (Orc:2)
  Menkaure (D:7)
  An acid dragon (D:12)
  13 water moccasins
  14 nagas
  17 orc warriors
  4 black bears
  A sky beast (D:7)
  3 ogres
  5 boggarts (Lair:5)
  8 centaurs
  57 wolves
  4 kobold brigands
  17 bullfrogs
  3 gnoll sergeants
  3 scorpions
  9 wights
  14 killer bees
  A howler monkey (D:4)
  An electric eel (D:9)
  A hound (D:5)
  6 jellies
  10 orc priests
  2 gnoll boudas
  2 sleepcaps
  5 iguanas
  19 orc wizards
  6 adders
  24 gnolls
  A shadow imp (D:7)
  A white imp (D:8)
  4 ufetubi (D:6)
  2 worms
  31 orcs
  9 bats
  9 endoplasms
  6 giant cockroaches
  7 goblins
  8 hobgoblins
  2 jackals (D:1)
  9 kobolds
  2 quokkas
  6 ball pythons
  2 frilled lizards
  6 rats
606 creatures vanquished.

Vanquished Creatures (collateral kills)
  2 anacondas
  A salamander tyrant (Snake:3)
  4 naga warriors
  A naga sharpshooter (Snake:4)
  An orc high priest (Orc:2)
  2 naga ritualists
  7 salamanders
  6 black mambas
  2 naga magi
  6 nagas
  2 orc warriors (Orc:2)
  A jelly (Lair:4)
  2 orcs (Orc:2)
  7 boulders
44 creatures vanquished.

Vanquished Creatures (others)
  3 death yaks (Lair:5)
  A komodo dragon (Lair:2)
  2 yaks
  A water moccasin (Lair:2)
  3 orcs
  5 boulders (Lair:4)
  2 fulminant prisms
17 creatures vanquished.

Grand Total: 667 creatures vanquished

Notes
Turn   | Place    | Note
-------+----------+-------------------------------------------
     0 | D:1      | GreatBamboolord the Deep Elf Earth Elementalist began the
                  | quest for the Orb.
     0 | D:1      | Reached XP level 1. HP: 10/10 MP: 6/6
   147 | D:1      | Reached XP level 2. HP: 15/15 MP: 6/8
   468 | D:1      | Reached XP level 3. HP: 14/20 MP: 6/10
   933 | D:1      | Found a faded altar of an unknown god.
  1301 | D:2      | Learned a level 2 spell: Passwall
  1305 | D:2      | Learned a level 3 spell: Stone Arrow
  1543 | D:2      | Reached XP level 4. HP: 24/24 MP: 8/11
  2505 | D:3      | Found a faded altar of an unknown god.
  2508 | D:3      | Found a glowing golden altar of the Shining One.
  2549 | D:3      | Reached skill level 3 in Dodging
  2604 | D:3      | Found an ornate altar of the Wu Jian Council.
  2604 | D:3      | Found an ancient bone altar of Kikubaaqudgha.
  2607 | D:3      | Found a broken altar of Ashenzari.
  2790 | D:4      | Reached skill level 1 in Fighting
  2797 | D:4      | Noticed an ogre
  2803 | D:4      | Killed an ogre
  2804 | D:4      | Reached skill level 1 in Conjurations
  2804 | D:4      | Reached XP level 5. HP: 29/29 MP: 9/13
  2917 | D:4      | Noticed Grinder
  2928 | D:4      | Killed Grinder
  2929 | D:4      | Reached skill level 5 in Spellcasting
  2929 | D:4      | Reached XP level 6. HP: 31/34 MP: 8/15
  3100 | D:4      | Found a shimmering altar of Xom.
  3138 | D:4      | Found a snail-covered altar of Cheibriados.
  3175 | D:4      | Reached skill level 5 in Earth Magic
  3175 | D:4      | Reached XP level 7. HP: 14/39 MP: 6/17
  3500 | D:4      | Identified the +9 orcbow "Ryestoac" {heavy, *Corrode rElec
                  | rN+ Dex+3}
  3788 | D:5      | Entered Level 5 of the Dungeon
  3795 | D:5      | Reached skill level 4 in Dodging
  4244 | D:5      | Found an iron altar of Okawaru.
  4245 | D:5      | Noticed Pikel
  4251 | D:5      | Killed Pikel
  4252 | D:5      | Reached XP level 8. HP: 18/45 MP: 13/20
  4592 | D:6      | Reached skill level 5 in Stealth
  4730 | D:6      | Found Jiydiofa's Weapon Shop.
  4893 | D:3      | Became a worshipper of Ashenzari the Shackled
  5329 | D:6      | Learned a level 4 spell: Brom's Barrelling Boulder
  5334 | D:6      | Learned a level 4 spell: Petrify
  5411 | D:6      | Found a shimmering blue altar of Sif Muna.
  5715 | D:7      | Noticed Menkaure
  5718 | D:7      | Killed Menkaure
  5719 | D:7      | Reached skill level 5 in Dodging
  5719 | D:7      | Reached skill level 5 in Conjurations
  5756 | D:7      | Found Pbba's Weapon Emporium.
  5764 | D:7      | Reached XP level 9. HP: 50/50 MP: 18/22
  5812 | D:7      | Found Weptyups's Magic Scroll Boutique.
  5817 | D:7      | Bought a scroll of fear for 64 gold pieces
  5817 | D:7      | Bought a scroll of fear for 64 gold pieces
  5817 | D:7      | Bought a scroll of fog for 64 gold pieces
  5817 | D:7      | Bought a scroll of poison for 64 gold pieces
  5817 | D:7      | Bought a scroll of vulnerability for 64 gold pieces
  5870 | D:7      | Found Qecowa's Armour Shop.
  5964 | D:7      | Found an opulent altar of Gozag.
  6078 | D:7      | Found Zirin's Armour Boutique.
  6211 | D:7      | Found a staircase to the Ecumenical Temple.
  6243 | D:7      | Found a glowing silver altar of Zin.
  6728 | D:8      | Found Saacyph's Antique Armour Shoppe.
  6865 | D:8      | Noticed a two-headed ogre
  6897 | D:8      | Killed a two-headed ogre
  7046 | D:8      | Noticed a two-headed ogre
  7049 | D:8      | Killed a two-headed ogre
  7050 | D:8      | Reached skill level 6 in Dodging
  7050 | D:8      | Reached XP level 10. HP: 57/57 MP: 21/25
  7625 | D:9      | Found Fudwuwue's Armour Emporium.
  7632 | D:9      | Noticed a red ugly thing
  7638 | D:9      | Reached * piety under Ashenzari
  7638 | D:9      | Identified a scroll of acquirement
  7649 | D:9      | Killed a red ugly thing
  7714 | D:9      | Found Fairig's Armour Emporium.
  7734 | D:9      | Acquired the +3 warlock's mirror {omnireflect}
  7734 | D:9      | Found the +3 warlock's mirror {omnireflect}
  7756 | D:9      | Found Fannasum's Assorted Antiques.
  7948 | D:9      | Reached skill level 10 in Spellcasting
  8083 | D:9      | Bought a +1 helmet of intelligence for 214 gold pieces
  8212 | D:9      | Found a staircase to the Orcish Mines.
  8373 | D:9      | Found Vuwiapn's Assorted Antiques.
  8477 | D:9      | Reached skill level 1 in Shields
  8577 | D:9      | Acquired 967 gold pieces
  8638 | D:9      | Bought the +3 robe of Clouds {*Thunder rCloud rElec} for
                  | 386 gold pieces
  8638 | D:9      | Found the +3 robe of Clouds {*Thunder rCloud rElec}
  8665 | D:9      | Bought a fuming ruby potion for 18 gold pieces
  8665 | D:9      | Bought a scroll of fear for 84 gold pieces
  8665 | D:9      | Bought a potion of haste for 210 gold pieces
  8685 | D:9      | Bought a fizzy cyan potion for 18 gold pieces
  8685 | D:9      | Bought a potion of haste for 210 gold pieces
  8988 | D:9      | Reached ** piety under Ashenzari
  9158 | D:10     | Entered Level 10 of the Dungeon
  9320 | D:10     | Reached XP level 11. HP: 62/62 MP: 8/27
  9324 | D:10     | Reached skill level 7 in Dodging
  9447 | D:10     | Found a staircase to the Lair.
 10300 | D:10     | Found a burning altar of Makhleb.
 10396 | D:10     | Learned a level 4 spell: Fulminant Prism
 10588 | D:11     | Identified the +2 orcbow of the Gloaming {drain, Dex+3}
 11285 | D:11     | Reached skill level 1 in Hexes
 11425 | D:11     | You fall into a shaft and drop 1 floor!
 11626 | D:12     | Noticed a deep troll earth mage
 11626 | D:12     | Noticed a fire dragon
 11626 | D:12     | Noticed a yaktaur captain
 11832 | D:11     | Noticed a tengu warrior
 11835 | D:11     | Killed a tengu warrior
 11894 | D:11     | Noticed a two-headed ogre
 11897 | D:11     | Killed a two-headed ogre
 12267 | Lair:1   | Entered Level 1 of the Lair of Beasts
 12371 | Lair:1   | Noticed a boulder beetle
 12382 | Lair:1   | Reached skill level 5 in Fighting
 12394 | Lair:1   | Killed a boulder beetle
 12395 | Lair:1   | Reached skill level 8 in Dodging
 12395 | Lair:1   | Reached skill level 10 in Earth Magic
 12601 | Lair:1   | Learned a level 5 spell: Irradiate
 12793 | Lair:1   | Reached skill level 1 in Summonings
 12930 | Lair:1   | Reached XP level 12. HP: 48/70 MP: 0/30
 13846 | Lair:2   | Noticed Harold
 13944 | Lair:2   | Learned a level 3 spell: Summon Guardian Golem
 14070 | Lair:2   | Reached skill level 9 in Dodging
 14075 | Lair:2   | Killed Harold
 14076 | Lair:2   | Reached skill level 5 in Hexes
 14514 | Lair:2   | Found a transporter.
 14704 | Lair:2   | Noticed bezhaha's ghost (journeyman HuFE)
 14704 | Lair:2   | Identified the ring "Daoqeles" {rCorr Int+2}
 14716 | Lair:2   | Found a transporter.
 15015 | Lair:2   | Noticed a catoblepas
 15024 | Lair:2   | Killed a catoblepas
 15318 | Lair:2   | Found a staircase to the Snake Pit.
 15589 | Lair:3   | Found a runed translucent gate.
 15589 | Lair:3   | Found a runed translucent gate.
 15589 | Lair:3   | Found a runed translucent gate.
 15592 | Lair:3   | Noticed Ycul's ghost (journeyman HOFi)
 15592 | Lair:3   | Noticed a catoblepas
 15601 | Lair:3   | Reached *** piety under Ashenzari
 15602 | Lair:3   | Killed a catoblepas
 15603 | Lair:3   | Reached skill level 10 in Dodging
 15603 | Lair:3   | Reached skill level 5 in Summonings
 16374 | Lair:3   | Reached XP level 13. HP: 59/78 MP: 5/32
 16731 | Lair:3   | Found a viscous altar of Jiyva.
 16731 | Lair:3   | Identified the staff "Zauqolikka" {rN+ Str+5 Int+8 Dex-5
                  | Necro}
 16758 | Lair:3   | Found a staircase to the Shoals.
 17211 | Lair:4   | Reached **** piety under Ashenzari
 17497 | Lair:4   | Found a staircase to the Slime Pits.
 17499 | Lair:4   | Found a viscous altar of Jiyva.
 17995 | Lair:5   | Entered Level 5 of the Lair of Beasts
 18003 | Lair:5   | Reached skill level 10 in Conjurations
 18009 | Lair:5   | Reached skill level 11 in Dodging
 18449 | Lair:5   | Found a frozen archway.
 18454 | IceCv    | Entered an ice cave
 18796 | IceCv    | Reached skill level 5 in Shields
 18952 | IceCv    | Learned a level 7 spell: Orb of Destruction
 18960 | IceCv    | Learned a level 7 spell: Spellforged Servitor
 19189 | IceCv    | Reached skill level 12 in Dodging
 20224 | IceCv    | Identified the +3 rapier of Thoughtfulness {speed, *Rage
                  | rElec Will++}
 20249 | IceCv    | Identified the staff of a volcano {rElec Earth}
 20451 | IceCv    | Reached XP level 14. HP: 90/90 MP: 25/35
 20983 | Lair:5   | Reached skill level 13 in Dodging
 21658 | Lair:5   | Found the +3 salamander hide armour {Flames, rFlCloud rF++
                  | rC--}
 23204 | Orc:1    | Entered Level 1 of the Orcish Mines
 23230 | Orc:1    | Reached ***** piety under Ashenzari
 23736 | Orc:2    | Entered Level 2 of the Orcish Mines
 23736 | Orc:2    | Found Dufaf's Assorted Antiques.
 23742 | Orc:2    | Bought a scroll of fog for 132 gold pieces
 23742 | Orc:2    | Bought a faintly glowing pewter ring for 165 gold pieces
 23742 | Orc:2    | Identified the ring "Zufargh" {EV+5 Str+4} (You bought it
                  | in a shop on level 2 of the Orcish Mines)
 23742 | Orc:2    | Bought a pair of embroidered gloves for 247 gold pieces
 23772 | Orc:2    | Noticed Maurice
 23936 | Orc:2    | Maurice stole a staff of cold
 23943 | Orc:2    | Killed Maurice
 24189 | Orc:2    | Reached skill level 14 in Dodging
 24246 | Orc:2    | Found a staircase to the Elven Halls.
 24263 | Orc:2    | Noticed Saint Roka
 24990 | Orc:2    | Killed Saint Roka
 25163 | Orc:2    | Noticed Erolcha
 25169 | Orc:2    | Killed Erolcha
 25451 | Orc:2    | Reached XP level 15. HP: 79/97 MP: 2/36
 25948 | Orc:2    | Found Bajael's Distillery.
 25948 | Orc:2    | Found Epoaloddu's General Store.
 25950 | Orc:2    | Found Fukeulau's Jewellery Shop.
 25950 | Orc:2    | Found Dofeip's Assorted Antiques.
 25961 | Orc:2    | Bought a scroll of fear for 40 gold pieces
 25965 | Orc:2    | Bought a potion of heal wounds for 125 gold pieces
 25968 | Orc:2    | Bought a potion of haste for 150 gold pieces
 25968 | Orc:2    | Bought 2 potions of lignification for 90 gold pieces
 26619 | Snake:1  | Entered Level 1 of the Snake Pit
 27657 | Snake:1  | Reached skill level 10 in Summonings
 28192 | Snake:2  | Reached skill level 15 in Dodging
 29609 | Snake:3  | Found Zent's Gadget Gallery.
 29680 | Snake:3  | Bought a condenser vane for 800 gold pieces
 30354 | Snake:4  | Entered Level 4 of the Snake Pit
 30354 | Snake:4  | Noticed a nagaraja
 30359 | Snake:4  | Killed a nagaraja
 30364 | Snake:4  | Reached skill level 1 in Evocations
 31212 | Snake:4  | Killed from afar by a salamander tyrant

Illustrated notes

Levels and vault maps discovered:
D:1:      sevenhm_arrival_forest_fort_small_6, layout_basic,
          chequers_ecumenical_altar_grove
D:2:      layout_basic, dk_vineyard_3
D:3:      layout_basic, nicolae_overflow_ecumenical_swirl,
          grunt_temple_overflow_open
D:4:      layout_basic, lemuel_tele_altar,
          mainiacjoe_overflow_concentric_impassable, uniq_grinder
D:5:      layout_basic, kennysheep_little_box, corexii_hall_statues_i,
          uniq_pikel
D:6:      layout_loops_ring, nicolae_sif_muna_condensation, serial_shops,
          shop_statue, minivault_23
D:7:      layout_loops_cross, mainiacjoe_overflow_small_starburst,
          nicolae_gozag_cash_rules_everything_around_me,
          minmay_temple_entry_from_below_a, serial_shops, shop, shop_coins,
          nicolae_shop_tiny_real_fake_doors, nicolae_shop_just_a_little_nook,
          uniq_menkaure
D:8:      cheibrodos_fzero, layout_rooms, serial_shops, shop,
          lemuel_flamethrower_2
D:9:      layout_basic, david_orc_2, serial_shops, shop, shop,
          nicolae_shop_hallway_stairs,
          nicolae_shop_temple_entry_statues_fountains, kennysheep_big_empty_room
D:10:     layout_irregular_city, mainiacjoe_overflow_alcove_1,
          minmay_lair_entry_grove, dreamdust_princess_corridor,
          corexii_corridor_pit
D:11:     wad_cavern_with_rooms, layout_gridville
D:12:     minmay_strange_plus, layout_basic
Lair:1:   layout_chaotic_city, lemuel_fruit_tree, serial_bayou_shore_a
Lair:2:   layout_roguey, minmay_snake_entry_guardpost_medium,
          gammafunk_ghost_berserking_beasts, grunt_megastairs_2, uniq_harold
Lair:3:   layout_loops_ring, minmay_shoals_entry_lonely_mermaid,
          gammafunk_ghost_ooze, serial_bayou_shore_b
Lair:4:   layout_long_grid, nicolae_slime_entry_field_trip,
          chequers_serial_rivers_micro_c
Lair:5:   minmay_lair_end_enchanted_forest, layout_misc_corridors,
          portal_ice_cave_entry_pillars_2, minivault_26,
          chequers_serial_rivers_marsh, cheibrodos_lair_lostbears
Snake:1:  layout_onion, drop_trap
Snake:2:  layout_rooms
Snake:3:  layout_onion, nicolae_shop_gadgets
Snake:4:  snake_pit, layout_cave_town
Orc:1:    layout_diamond_mine
Orc:2:    grunt_orc_tribal_feast, layout_caves, serial_shops,
          nicolae_shop_dealshenge, uniq_saint_roka, uniq_erolcha, uniq_maurice

Skill      XL: |  1  2  3  4  5  6  7  8  9 10 11 12 13 14 15 |
---------------+----------------------------------------------+-----
Stealth        | 3 4 5 6 7 8 9 |  9.7
Earth Magic    | 4 5 6 8 9 10 | 10.1
Dodging        | 3 4 5 6 8 10 12 14 15 | 15.9
Spellcasting   | 4 5 6 7 9 10 11 | 11.6
Fighting       | 1 2 3 4 5 6 7 8 |  8.8
Conjurations   | 1 2 4 5 6 8 9 11 13 14 | 14.5
Transmutations | 2 3 4 |  4.7
Shields        | 1 2 4 5 6 |  6.1
Hexes          | 3 6 |  6.2
Summonings     | 1 5 7 9 11 | 11.3
Evocations     | 1 |  1.8

Action                     |  1- 3 |  4- 6 |  7- 9 | 10-12 | 13-15 || total
---------------------------+-------+-------+-------+-------+-------++-------
  Melee: Dagger            |       |       |     5 |    66 |   174 ||   245
         Rapier            |       |       |       |       |    69 ||    69
   Fire: Orcbow            |       |       |     6 |       |       ||     6
   Cast: Sandblast         |    60 |    57 |   144 |    25 |       ||   286
         Stone Arrow       |       |       |     4 |   315 |   516 ||   835
         Petrify           |       |       |     2 |     8 |    18 ||    28
         Brom's Barrelling |       |       |     2 |       |    16 ||    18
         Irradiate         |       |       |       |     5 |     8 ||    13
         Summon Guardian G |       |       |       |     3 |     7 ||    10
         Passwall          |       |       |       |       |     7 ||     7
         Orb of Destructio |       |       |       |       |    42 ||    42
         Spellforged Servi |       |       |       |       |    20 ||    20
         Fulminant Prism   |       |       |       |       |     2 ||     2
 Invoke: Curse Item        |       |       |     1 |     6 |     4 ||    11
         Shatter the Chain |       |       |       |     2 |     1 ||     3
    Use: Scroll            |     2 |     1 |     4 |    12 |     2 ||    21
         Potion            |       |       |       |     6 |     2 ||     8
   Stab: Petrified         |       |       |     5 |    14 |    11 ||    30
         Petrifying        |       |       |       |       |     2 ||     2
 Armour: Robe              |     8 |    20 |    53 |   129 |   154 ||   364
         Skin              |       |       |       |       |    17 ||    17
  Dodge: Dodged            |    13 |    16 |    73 |   139 |   317 ||   558
  Block: Buckler           |       |       |       |   150 |   382 ||   532
         Reflection        |       |       |       |    18 |    21 ||    39

Table legend: (Time is in decaauts)
 A = Elapsed time spent in this place.
 B = Non-inter-level travel time spent in this place.
 C = Inter-level travel time spent in this place.
 D = Time resting spent in this place.
 E = Time spent auto-exploring this place.
 F = Levels seen in this place.
 G = Mean time per level.
                   A        B        C        D        E       F      G
               +--------+--------+--------+--------+--------+-----+--------+
         Total |  31415 |  29919 |   1496 |   7740 |  17169 |  24 | 1309.0 |
       Dungeon |  12603 |  11528 |   1075 |   1273 |   8487 |  12 | 1050.2 |
          Lair |   8764 |   8450 |    314 |   1749 |   5330 |   5 | 1752.8 |
     Snake Pit |   4439 |   4397 |     42 |   1480 |   2317 |   4 | 1109.8 |
  Orcish Mines |   3321 |   3257 |     64 |   1700 |    923 |   2 | 1660.5 |
      Ice Cave |   2286 |   2286 |      0 |   1538 |    111 |   1 | 2286.0 |
               +--------+--------+--------+--------+--------+-----+--------+

Top non-repeatable levels by time:
  Lair:5: 2435 daAuts
   IceCv: 2286 daAuts
 Snake:3: 2205 daAuts
  Lair:2: 1812 daAuts
   Orc:1: 1772 daAuts
  Lair:1: 1672 daAuts
     D:9: 1653 daAuts
   Orc:2: 1549 daAuts
  Lair:3: 1469 daAuts
    D:11: 1441 daAuts
    D:10: 1384 daAuts
  Lair:4: 1376 daAuts
     D:8: 1112 daAuts
 Snake:1: 1104 daAuts
     D:4: 1103 daAuts
